 Dungeon Crawl Stone Soup version 0.23.1 (webtiles) character file.

Game seed: 9493058418062680389

185 Marnok the Shield-Bearer (level 5, 0/41 HPs)
             Began as a Human Fighter on Mar 17, 2019.
             Slain by an ogre
             ... wielding a +0 giant club
              (23 damage)
             ... on level 5 of the Dungeon.
             The game lasted 00:11:59 (1610 turns).

Marnok the Shield-Bearer (Human Fighter)            Turns: 1610, Time: 00:12:00

Health: 0/41       AC:  9    Str: 17    XL:     5   Next: 96%
Magic:  5/5        EV:  7    Int:  8    God:
Gold:   173        SH:  9    Dex: 13    Spells: 4/4 levels left

rFire    . . .     SeeInvis .   r - +4 dagger
rCold    + + .     Gourm    .   c - +0 shield
rNeg     . . .     Faith    +   s - +3 scale mail
rPois    .         Spirit   .   i - +0 helmet
rElec    .         Reflect  .   g - +0 cloak
rCorr    .         Harm     .   (no gloves)
MR       .....                  (no boots)
Stlth    ..........             l - amulet of faith
HPRegen  0.13/turn              j - ring of attention (curse)
MPRegen  0.09/turn              (no ring)

@: no status effects
A: cold resistance 2, deformed body
a: no special abilities


You were on level 5 of the Dungeon.
You were hungry.

You visited 1 branch of the dungeon, and saw 5 of its levels.

You collected 173 gold pieces.

Inventory:

Hand Weapons
 a - the +7 mace of Lamamideo {crush, MR+ Dex+2, unknown}
   (You found it on level 5 of the Dungeon)

   It inflicts extra damage upon your enemies.
   It affects your dexterity (+2).
   It affects your resistance to hostile enchantments.
 e - a +1 trident of freezing
 k - a +1 mace of holy wrath
 r - a +4 dagger (weapon)
Armour
 c - a +0 shield (worn)
 g - a +0 cloak (worn)
 i - a +0 helmet (worn)
 s - a +3 scale mail (worn)
Jewellery
 j - a cursed ring of attention (left hand)
 l - an amulet of faith (around neck)
Scrolls
 h - 2 scrolls of identify
Potions
 b - a potion of invisibility {unknown}
 d - 2 potions of heal wounds {unknown}
 m - 2 potions of curing {unknown}
 o - a potion of agility {unknown}
 p - 2 potions of cancellation {unknown}
 q - a potion of brilliance {unknown}
Comestibles
 f - 8 rations


   Skills:
 + Level 3.5 Fighting
   Level 3.0 Long Blades
 + Level 0.1 Maces & Flails
 + Level 3.8 Armour
 + Level 1.1 Dodging
 + Level 4.4 Shields


You had 4 spell levels left.
You didn't know any spells.
Your spell library was empty.

Dungeon Overview and Level Annotations

Branches:
Dungeon (4/15)
 Temple: D:4-7

Altars:


Innate Abilities, Weirdness & Mutations

Your flesh is very cold resistant. (rC++)
Armour fits poorly on your strangely shaped body.


Message History

The orc barely misses you.
The orc priest casts a cantrip, but nothing happens.
You puncture the orc!
You kill the orc!
The orc priest looks encouraged for a moment.
The ogre hits you with a +0 giant club.
You hit the ogre.
The ogre is lightly wounded.
You puncture the ogre!
The ogre is moderately wounded.
You block the ogre's attack.
You puncture the ogre!
The ogre is heavily wounded.
The ogre hits you with a +0 giant club!
The orc priest looks satisfied for a moment.
You hit the ogre.
The ogre is severely wounded.
The ogre hits you with a +0 giant club!!
Ouch! That really hurt!
You die...

....#####.....# ##.###g##
....# ####.## ##......##
....#######..# ##........##
.#.....#$...## #..........#
....5....#### #........$.#
..#.###..# #o.........#
....####....## #go........#
...............###og........#
####.#.......#..@Ooo.......##
ยง!.
..)###########.$........#
#....... ###..........#
.#.##.########............
#.## #...>.....[.#.........
.... ..#....######........
.... #####.# ##....... ####.
.## #.# #..... #. ..#
#.######## ##


You could see an ogre, an orc priest, a gnoll and 3 orcs.

Vanquished Creatures
  A scorpion (D:2)
  A crimson imp (D:3)
  A hound skeleton (D:4)
  5 adders
  4 leopard geckos
  An orc (D:5)
  2 giant cockroaches
  5 goblins
  3 hobgoblins
  2 jackals (D:3)
  A quokka (D:5)
  3 bats
  5 frilled lizards
  4 kobolds
  6 rats
44 creatures vanquished.

Notes
Turn   | Place    | Note
-------+----------+-------------------------------------------
     0 | D:1      | Marnok the Human Fighter began the quest for the Orb.
     0 | D:1      | Reached XP level 1. HP: 18/18 MP: 1/1
   196 | D:1      | Reached XP level 2. HP: 15/24 MP: 2/2
   330 | D:2      | Noticed a scorpion
   494 | D:2      | Gained mutation: Your spells are a little easier to cast,
                  | but a little less powerful. [potion of mutation]
   494 | D:2      | Gained mutation: Armour fits poorly on your strangely
                  | shaped body. [potion of mutation]
   494 | D:2      | Gained mutation: You have sharp toenails. [potion of
                  | mutation]
   515 | D:2      | Killed a scorpion
   515 | D:2      | Reached XP level 3. HP: 29/29 MP: 3/3
   515 | D:2      | Reached XP level 4. HP: 35/35 MP: 4/4
   945 | D:2      | Reached skill level 4 in Shields
   945 | D:2      | Reached XP level 5. HP: 37/41 MP: 5/5
  1247 | D:3      | Lost mutation: Your spells are a little easier to cast, but
                  | a little less powerful. [potion of mutation]
  1247 | D:3      | Lost mutation: Armour fits poorly on your strangely shaped
                  | body. [potion of mutation]
  1247 | D:3      | Lost mutation: You have sharp toenails. [potion of
                  | mutation]
  1247 | D:3      | Gained mutation: Armour fits poorly on your strangely
                  | shaped body. [potion of mutation]
  1247 | D:3      | Gained mutation: Your flesh is cold resistant. (rC+)
                  | [potion of mutation]
  1247 | D:3      | Gained mutation: Your flesh is very cold resistant. (rC++)
                  | [potion of mutation]
  1302 | D:3      | Reached skill level 1 in Dodging
  1453 | D:3      | You fall through a shaft for 2 floors!
  1453 | D:5      | Entered Level 5 of the Dungeon
  1487 | D:5      | Got a warped mace
  1572 | D:5      | Noticed an ogre
  1610 | D:5      | Slain by an ogre

Skill      XL: |  1  2  3  4  5 |
---------------+----------------+-----
Shields        | 4 |  4.4
Long Blades    | 3 |  3.0
Dodging        | 1 |  1.1
Fighting       | |  3.5
Maces & Flails | |  0.1
Armour         | |  3.8

Action                   |  1- 3 |  4- 6 || total
-------------------------+-------+-------++-------
Melee: Long sword        |    57 |    66 ||   123
       Mace              |    11 |       ||    11
       Kick              |       |    14 ||    14
       Dagger            |       |    60 ||    60
  Use: Potion            |     4 |     1 ||     5
       Scroll            |       |     4 ||     4
  Eat: Chunk             |       |     2 ||     2
Armor: Scale mail        |    34 |    65 ||    99
       Skin              |    17 |       ||    17
Dodge: Dodged            |    16 |    34 ||    50
Block: Shield            |    35 |    56 ||    91
       Rpst.: Long sword |     3 |     7 ||    10
